SAAA
TORTOLITA DRUMMERS @ PORT HURON BLITZKRIEG
07/16/2042
 
TOP OF THE 1ST
Tortolita Drummers batting - Pitching for Port Huron Blitzkrieg : RHP Matt Elmore
Pitching: RHP Matt Elmore
Batting: RHB Tso-i Wang 0-0: Foul Ball, location: 2F
0-1: Fly out, F4 (Popup, 13S, EV 84.4 MPH)
Batting: RHB Peter Holland 0-0: Called Strike
0-1: Ball
1-1: Foul Ball, location: 2F
1-2: Foul Ball, location: 2F
1-2: Ball
2-2: Ball
3-2: Foul Ball, location: 2F
3-2: Ground out 6-3 (Groundball, 6MS, EV 81.2 MPH)
Batting: LHB Tippi Degré 0-0: Ball
1-0: Fly out, F7 (Flyball, 78XD, EV 108.1 MPH)
Top of the 1st over - 0 runs, 0 hits, 0 errors, 0 left on base; Tortolita 0 - Port Huron 0
BOTTOM OF THE 1ST
Port Huron Blitzkrieg batting - Pitching for Tortolita Drummers : LHP Roy Alsobrook
Pitching: LHP Roy Alsobrook
Batting: RHB John Ryan 0-0: Ball
1-0: Ground out 4-3 (Groundball, 4, EV 88.8 MPH)
Batting: RHB Jeff Reed 0-0: Swinging Strike
0-1: SINGLE (Groundball, 4MD, EV 96.9 MPH)
Batting: RHB John Wilkerson 0-0: Called Strike
0-1: Foul Ball, location: 2F
0-2: Ball
1-2: Ball
2-2: 2-RUN HOME RUN (Flyball, 7D, EV 103.1 MPH), Distance : 398 ft
Batting: RHB Chris McBride 0-0: Ball
1-0: Called Strike
1-1: Swinging Strike
1-2: SOLO HOME RUN (Flyball, 7D, EV 110.6 MPH), Distance : 354 ft
Batting: SHB Marços Mansilha 0-0: Called Strike
0-1: Ball
1-1: SOLO HOME RUN (Line Drive, 7D, EV 98.1 MPH), Distance : 374 ft
Batting: RHB John Willoughby 0-0: Swinging Strike
0-1: Called Strike
0-2: Foul Ball, location: 2F
0-2: Foul Ball, location: 2F
0-2: Ball
1-2: SOLO HOME RUN (Line Drive, 7LD, EV 109.4 MPH), Distance : 352 ft
Batting: SHB Ben Boston 0-0: Called Strike
0-1: Called Strike
0-2: Strikes out swinging
Batting: RHB Ricardo Mireles 0-0: Called Strike
0-1: Ball
1-1: Foul Ball, location: 2F
1-2: Ball
2-2: SINGLE (Flyball, 3D, EV 85.0 MPH)
Batting: LHB Steve Washington 0-0: SINGLE (Flyball, 8RS, EV 91.2 MPH)
Ricardo Mireles to second
Runner from 2nd tries for 3rd, SAFE, no throw by CF
Batting: RHB John Ryan 0-0: Ball
1-0: Called Strike
1-1: SINGLE (Groundball, 34S, EV 88.1 MPH) (infield hit)
Ricardo Mireles scores
Steve Washington to second
Pitching: LHP Nobuhito Tanaka
Batting: RHB Jeff Reed 0-0: Foul Ball, location: 2F
0-1: Ball
1-1: Foul Ball, location: 2F
1-2: Foul Ball, location: 2F
1-2: Fly out, F7 (Flyball, 7LS, EV 89.4 MPH)
Bottom of the 1st over - 6 runs, 8 hits, 0 errors, 2 left on base; Tortolita 0 - Port Huron 6
TOP OF THE 2ND
Tortolita Drummers batting - Pitching for Port Huron Blitzkrieg : RHP Matt Elmore
Batting: LHB Shawn Kyllo 0-0: Called Strike
0-1: Called Strike
0-2: Strikes out swinging
Batting: RHB Tsuneari Hirano 0-0: Ball
1-0: Foul Ball, location: 2F
1-1: Called Strike
1-2: Fly out, F7 (Flyball, 7S, EV 92.5 MPH)
Batting: RHB Ken Moore 0-0: Ball
1-0: Swinging Strike
1-1: Called Strike
1-2: Ball
2-2: TRIPLE (Flyball, 9LD, EV 100.0 MPH)
Batting: RHB Lonnie Doble 0-0: Ball
1-0: Fly out, F7 (Flyball, 78XD, EV 88.8 MPH)
Top of the 2nd over - 0 runs, 1 hit, 0 errors, 1 left on base; Tortolita 0 - Port Huron 6
BOTTOM OF THE 2ND
Port Huron Blitzkrieg batting - Pitching for Tortolita Drummers : LHP Nobuhito Tanaka
Batting: RHB John Wilkerson 0-0: Ball
1-0: Ball
2-0: Ball
3-0: Base on Balls
Batting: RHB Chris McBride 0-0: Ball
1-0: Foul Ball, location: 2F
1-1: Ball
2-1: Called Strike
2-2: Ball
3-2: Foul Ball, location: 2F
3-2: Fly out, F9 (Flyball, 9S, EV 87.5 MPH)
Batting: SHB Marços Mansilha 0-0: Ball
1-0: Foul Ball, location: 2F
1-1: Ball
2-1: Called Strike
2-2: Strikes out swinging
Batting: RHB John Willoughby 0-0: Foul Ball, location: 2F
0-1: Fly out, F8 (Flyball, 78M, EV 86.2 MPH)
Bottom of the 2nd over - 0 runs, 0 hits, 0 errors, 1 left on base; Tortolita 0 - Port Huron 6
TOP OF THE 3RD
Tortolita Drummers batting - Pitching for Port Huron Blitzkrieg : RHP Matt Elmore
Batting: SHB Fernando Rincón 0-0: Swinging Strike
0-1: Swinging Strike
0-2: Foul Ball, location: 2F
0-2: Ball
1-2: Foul Ball, location: 2F
1-2: Foul Ball, location: 2F
1-2: Foul Ball, location: 2F
1-2: SINGLE (Groundball, 4D, EV 98.8 MPH)
Batting: RHB Adrián Sánchez 0-0: Ball
1-0: Fly out, F8 (Flyball, 8LM, EV 90.6 MPH)
Batting: RHB Tso-i Wang 0-0: Called Strike
0-1: Called Strike
0-2: Fly out, F8 (Line Drive, 8LD, EV 99.4 MPH)
Batting: RHB Peter Holland 0-0: Foul Ball, location: 2F
0-1: Ball
1-1: Foul Ball, location: 2F
1-2: Foul Ball, location: 2F
1-2: Ground out 6-3 (Groundball, 6S, EV 79.4 MPH)
Top of the 3rd over - 0 runs, 1 hit, 0 errors, 1 left on base; Tortolita 0 - Port Huron 6
BOTTOM OF THE 3RD
Port Huron Blitzkrieg batting - Pitching for Tortolita Drummers : LHP Nobuhito Tanaka
Batting: SHB Ben Boston 0-0: Ball
1-0: Ball
2-0: Foul Ball, location: 2F
2-1: Fly out, F9 (Flyball, 9LSF, EV 84.4 MPH)
Batting: RHB Ricardo Mireles 0-0: Ball
1-0: Ball
2-0: Foul Ball, location: 2F
2-1: Ground out 6-3 (Groundball, 6, EV 86.9 MPH)
Batting: LHB Steve Washington 0-0: Ball
1-0: Ball
2-0: Called Strike
2-1: Ball
3-1: Fly out, F7 (Flyball, 78S, EV 76.2 MPH)
Bottom of the 3rd over - 0 runs, 0 hits, 0 errors, 0 left on base; Tortolita 0 - Port Huron 6
TOP OF THE 4TH
Tortolita Drummers batting - Pitching for Port Huron Blitzkrieg : RHP Matt Elmore
Batting: LHB Tippi Degré 0-0: Reached on error, E4 (Groundball, 4, EV 86.9 MPH)
Batting: LHB Shawn Kyllo 0-0: Fly out, F8 (Flyball, 78M, EV 91.2 MPH)
Batting: RHB Tsuneari Hirano 0-0: Called Strike
0-1: Called Strike
0-2: Ball
1-2: DOUBLE (Line Drive, 89M, EV 98.8 MPH)
Tippi Degré to third
Batting: RHB Ken Moore 0-0: Ball
1-0: Ball
2-0: Foul Ball, location: 2F
2-1: Ball
3-1: Called Strike
3-2: Foul Ball, location: 2F
3-2: 3-RUN HOME RUN (Flyball, 78XD, EV 107.5 MPH), Distance : 392 ft
Batting: RHB Lonnie Doble 0-0: Called Strike
0-1: Ball
1-1: Ground out 6-3 (Groundball, 6, EV 96.2 MPH)
Batting: SHB Fernando Rincón 0-0: Foul Ball, location: 2F
0-1: Swinging Strike
0-2: Ground out U3 (Groundball, 3L, EV 93.8 MPH)
Top of the 4th over - 3 runs, 2 hits, 1 error, 0 left on base; Tortolita 3 - Port Huron 6
BOTTOM OF THE 4TH
Port Huron Blitzkrieg batting - Pitching for Tortolita Drummers : LHP Nobuhito Tanaka
Batting: RHB John Ryan 0-0: Ball
1-0: Foul Ball, location: 2F
1-1: Foul Ball, location: 2F
1-2: Ball
2-2: Foul Ball, location: 2F
2-2: Strikes out swinging
Batting: RHB Jeff Reed 0-0: Fly out, F8 (Flyball, 78D, EV 100.0 MPH)
Batting: RHB John Wilkerson 0-0: Foul Ball, location: 2F
0-1: Ball
1-1: Ball
2-1: Fly out, F9 (Flyball, 9S, EV 88.8 MPH)
Bottom of the 4th over - 0 runs, 0 hits, 0 errors, 0 left on base; Tortolita 3 - Port Huron 6
TOP OF THE 5TH
Tortolita Drummers batting - Pitching for Port Huron Blitzkrieg : RHP Matt Elmore
Batting: RHB Adrián Sánchez 0-0: Fly out, F8 (Flyball, 8LM, EV 88.1 MPH)
Batting: RHB Tso-i Wang 0-0: Called Strike
0-1: Fly out, F4 (Line Drive, 4, EV 70.0 MPH)
Batting: RHB Peter Holland 0-0: Foul Ball, location: 2F
0-1: Ball
1-1: Foul Ball, location: 2F
1-2: Foul Ball, location: 2F
1-2: Ball
2-2: Ball
3-2: Ground out 6-3 (Groundball, 6, EV 81.2 MPH)
Top of the 5th over - 0 runs, 0 hits, 0 errors, 0 left on base; Tortolita 3 - Port Huron 6
BOTTOM OF THE 5TH
Port Huron Blitzkrieg batting - Pitching for Tortolita Drummers : LHP Nobuhito Tanaka
Batting: RHB Chris McBride 0-0: Called Strike
0-1: Ball
1-1: Reaches on Catchers interference
Batting: SHB Marços Mansilha 0-0: Swinging Strike
0-1: Ball
1-1: Foul Ball, location: 2F
1-2: SINGLE (Line Drive, 4M, EV 93.8 MPH)
Chris McBride to second
Batting: RHB John Willoughby 0-0: Fly out, F7 (Line Drive, 7, EV 95.6 MPH)
Batting: SHB Ben Boston 0-0: Ball
1-0: Called Strike
1-1: Called Strike
1-2: Ball
2-2: DOUBLE (Line Drive, 78M, EV 94.4 MPH)
Chris McBride scores
Marços Mansilha to third
Runner from 3rd tries for Home, SAFE, throw by LF to home
Batting: RHB Ricardo Mireles 0-0: Ball
1-0: Ball
2-0: Swinging Strike
2-1: Ground out 3-1 (Groundball, 34, EV 83.1 MPH)
Ben Boston to third
Batting: LHB Steve Washington 0-0: Ball
1-0: Called Strike
1-1: SINGLE (Groundball, 56D, EV 108.8 MPH)
Ben Boston scores
Batting: RHB John Ryan 0-0: Swinging Strike
0-1: Ball
1-1: Foul Ball, location: 2F
1-2: Foul Ball, location: 2F
1-2: SINGLE (Groundball, 6MD, EV 102.5 MPH)
Steve Washington to second
Batting: RHB Jeff Reed 0-0: Called Strike
0-1: Ball
1-1: Swinging Strike
1-2: Strikes out swinging
Bottom of the 5th over - 3 runs, 4 hits, 1 error, 2 left on base; Tortolita 3 - Port Huron 9
TOP OF THE 6TH
Tortolita Drummers batting - Pitching for Port Huron Blitzkrieg : RHP Matt Elmore
Batting: LHB Tippi Degré 0-0: Ground out 1-3 (Groundball, 34S, EV 90.0 MPH)
Batting: LHB Shawn Kyllo 0-0: Foul Ball, location: 2F
0-1: Ball
1-1: Swinging Strike
1-2: Ball
2-2: Foul Ball, location: 2F
2-2: Ball
3-2: Foul Ball, location: 2F
3-2: Foul Ball, location: 2F
3-2: Ground out 6-3 (Groundball, 6M, EV 109.4 MPH)
Batting: RHB Tsuneari Hirano 0-0: Foul Ball, location: 2F
0-1: Foul Ball, location: 2F
0-2: Ball
1-2: Foul Ball, location: 2F
1-2: DOUBLE (Flyball, 89XD, EV 92.5 MPH)
Batting: RHB Ken Moore 0-0: Foul Ball, location: 2F
0-1: Fly out, F8 (Flyball, 78XD, EV 105.6 MPH)
Top of the 6th over - 0 runs, 1 hit, 0 errors, 1 left on base; Tortolita 3 - Port Huron 9
BOTTOM OF THE 6TH
Port Huron Blitzkrieg batting - Pitching for Tortolita Drummers : LHP Nobuhito Tanaka
Pitching: RHP Jerry Magee
Batting: RHB John Wilkerson 0-0: Foul Ball, location: 2F
0-1: Foul Ball, location: 2F
0-2: SINGLE (Line Drive, 78S, EV 103.8 MPH)
Batting: RHB Chris McBride 0-0: 2-RUN HOME RUN (Line Drive, 78XD, EV 101.9 MPH), Distance : 412 ft
Batting: SHB Marços Mansilha 0-0: Ball
1-0: Called Strike
1-1: Ball
2-1: Foul Ball, location: 2F
2-2: Ball
3-2: Base on Balls
Batting: RHB John Willoughby 0-0: Ball
1-0: Called Strike
1-1: Called Strike
1-2: Foul Ball, location: 2F
1-2: SINGLE (Groundball, 4MD, EV 100.6 MPH)
Marços Mansilha to second
Batting: SHB Ben Boston 0-0: Ball
1-0: Ball
2-0: Called Strike
2-1: Called Strike
2-2: Foul Ball, location: 2F
2-2: Foul Ball, location: 2F
2-2: Strikes out looking
Batting: RHB Ricardo Mireles 0-0: Ball
1-0: Called Strike
1-1: SINGLE (Groundball, 6MD, EV 95.6 MPH)
Marços Mansilha to third
John Willoughby to second
Runner from 3rd tries for Home, SAFE, throw by CF to home
Batting: LHB Steve Washington 0-0: Ball
1-0: Called Strike
1-1: Foul Ball, location: 2F
1-2: Fly out, F7 (Flyball, 78M, EV 86.2 MPH)
Batting: RHB John Ryan 0-0: Fly out, F5 (Popup, 56, EV 70.0 MPH)
Bottom of the 6th over - 3 runs, 4 hits, 0 errors, 2 left on base; Tortolita 3 - Port Huron 12
TOP OF THE 7TH
Tortolita Drummers batting - Pitching for Port Huron Blitzkrieg : RHP Matt Elmore
Pinch Hitting: RHB Jaxton Goleta 0-0: Foul Ball, location: 2F
0-1: Ball
1-1: Swinging Strike
1-2: Strikes out swinging
Batting: SHB Fernando Rincón 0-0: Ball
1-0: Called Strike
1-1: Ball
2-1: Ground out U3 (Groundball, 3, EV 85.0 MPH)
Batting: RHB Adrián Sánchez 0-0: Ground out 5-3 (Groundball, 56, EV 77.5 MPH)
Top of the 7th over - 0 runs, 0 hits, 0 errors, 0 left on base; Tortolita 3 - Port Huron 12
BOTTOM OF THE 7TH
Port Huron Blitzkrieg batting - Pitching for Tortolita Drummers : RHP Jerry Magee
Pitching: LHP Jerry Hamm
Now at 2B: Jaxton Goleta
Batting: RHB Jeff Reed 0-0: Swinging Strike
0-1: Reached on error, E4 (Groundball, 4, EV 78.8 MPH)
Batting: RHB John Wilkerson 0-0: Swinging Strike
0-1: Ball
1-1: Swinging Strike
1-2: Strikes out swinging
Batting: RHB Chris McBride 0-0: SINGLE (Line Drive, 3D, EV 110.0 MPH)
Jeff Reed to second
Batting: SHB Marços Mansilha 0-0: Foul Ball, location: 2F
0-1: Foul Ball, location: 2F
0-2: DOUBLE (Flyball, 89XD, EV 108.8 MPH)
Jeff Reed scores
Chris McBride to third
Runner from 3rd tries for Home, SAFE, throw by CF to trailing runner, OUT at third! 8-4-5
Batting: RHB John Willoughby 0-0: Ball
1-0: Foul Ball, location: 2F
1-1: Fly out, F8 (Line Drive, 8LD, EV 94.4 MPH)
Bottom of the 7th over - 2 runs, 2 hits, 1 error, 0 left on base; Tortolita 3 - Port Huron 14
TOP OF THE 8TH
Tortolita Drummers batting - Pitching for Port Huron Blitzkrieg : RHP Matt Elmore
Pinch Hitting: RHB Bearooz Yacoobi 0-0: Ball
1-0: Called Strike
1-1: Foul Ball, location: 2F
1-2: Fly out, F9 (Flyball, 9S, EV 81.9 MPH)
Batting: RHB Peter Holland 0-0: Ball
1-0: Foul Ball, location: 2F
1-1: SOLO HOME RUN (Flyball, 7D, EV 95.0 MPH), Distance : 370 ft
Pitching: LHP Steve O'Fennaghty
Batting: LHB Tippi Degré 0-0: Fly out, F9 (Line Drive, 9LM, EV 88.8 MPH)
Batting: LHB Shawn Kyllo 0-0: Ball
1-0: Ball
2-0: Foul Ball, location: 2F
2-1: Ball
3-1: Swinging Strike
3-2: Strikes out swinging
Top of the 8th over - 1 run, 1 hit, 0 errors, 0 left on base; Tortolita 4 - Port Huron 14
BOTTOM OF THE 8TH
Port Huron Blitzkrieg batting - Pitching for Tortolita Drummers : LHP Jerry Hamm
Now at 1B: John Wilder
Batting: SHB Ben Boston 0-0: Ball
1-0: Called Strike
1-1: Ball
2-1: Called Strike
2-2: Foul Ball, location: 2F
2-2: Foul Ball, location: 2F
2-2: Strikes out swinging
Batting: RHB Ricardo Mireles 0-0: Ball
1-0: Swinging Strike
1-1: Ball
2-1: Ball
3-1: Foul Ball, location: 2F
3-2: Foul Ball, location: 2F
3-2: Strikes out swinging
Batting: LHB Steve Washington 0-0: Foul Ball, location: 2F
0-1: Foul Ball, location: 2F
0-2: Foul Ball, location: 2F
0-2: Foul Ball, location: 2F
0-2: Ball
1-2: Ball
2-2: Foul Ball, location: 2F
2-2: Fly out, F8 (Flyball, 8LM, EV 83.8 MPH)
Bottom of the 8th over - 0 runs, 0 hits, 0 errors, 0 left on base; Tortolita 4 - Port Huron 14
TOP OF THE 9TH
Tortolita Drummers batting - Pitching for Port Huron Blitzkrieg : LHP Steve O'Fennaghty
Batting: RHB Tsuneari Hirano 0-0: Ball
1-0: Ball
2-0: Ball
3-0: Base on Balls
Batting: RHB Ken Moore 0-0: Ball
1-0: Foul Ball, location: 2F
1-1: Foul Ball, location: 2F
1-2: Foul Ball, location: 2F
1-2: Ball
2-2: DOUBLE (Groundball, 5L, EV 105.6 MPH)
Tsuneari Hirano to third
Batting: RHB Jaxton Goleta 0-0: Called Strike
0-1: Ground out 5-3 (Groundball, 5L, EV 90.0 MPH)
Batting: SHB Fernando Rincón 0-0: Ball
1-0: Ball
2-0: Ball
3-0: Called Strike
3-1: Ground out 5-3 (Groundball, 56S, EV 77.5 MPH)
Tsuneari Hirano scores
Batting: RHB Adrián Sánchez 0-0: Ball
1-0: Ball
2-0: Fly out, F8 (Line Drive, 8RD, EV 91.9 MPH)
Top of the 9th over - 1 run, 1 hit, 0 errors, 1 left on base; Tortolita 5 - Port Huron 14
Friday, March 26th, 2021 - OOTP Baseball 20.8 Build 74